 Dungeon Crawl Stone Soup version 0.21.1-1-g345015f (webtiles) character file.

14 Iko the Conjurer (level 2, -11/18 (20) HPs)
             Began as a Ghoul Conjurer on Apr 30, 2018.
             Killed from afar by a frilled lizard (24 damage)
             ... with an exploding inner flame
             ... hexed by the player character
             ... on level 2 of the Dungeon.
             The game lasted 00:06:51 (676 turns).

Iko the Conjurer (Ghoul Conjurer)                    Turns: 676, Time: 00:06:51

HP:   -11/18 (20)   AC:  2    Str: 11    XL:     2   Next: 45%
MP:   3/3           EV: 12    Int: 10    God:
Gold: 93            SH:  0    Dex:  9    Spells: 3/4 levels left

rFire    . . .     SeeInvis .   h - +0 club
rCold    + . .     Gourm    .   (no shield)
rNeg     + + +     Faith    .   a - +0 robe
rPois    ∞         Spirit   .   (no helmet)
rElec    .         Reflect  .   (no cloak)
rCorr    .         Harm     .   (no gloves)
MR       .....                  (no boots)
Stlth    ++........             (no amulet)
HPRegen  0.00/turn              (no ring)
MPRegen  0.08/turn              (no ring)

@: rotting
A: rotting body, claws 1, carnivore, cold resistance 1, negative energy
resistance 3, inhibited regeneration, torment resistance, unbreathing
a: no special abilities


You were on level 2 of the Dungeon.
You were not hungry.

You visited 1 branch of the dungeon, and saw 2 of its levels.

You collected 93 gold pieces.

Inventory:

Hand Weapons
 h - a +0 club (weapon)
Armour
 a - a +0 robe (worn)
Scrolls
 d - a scroll of immolation
 e - a scroll of enchant weapon {unknown}
 f - a scroll of random uselessness {unknown}
 i - a scroll of fear
 j - a scroll of identify {unknown}
Potions
 g - a potion of curing {unknown}
Books
 b - a book of Conjurations

   Spells                             Type                      Level
   a - Magic Dart                     Conjuration                  1
   b - Searing Ray                    Conjuration                  2
   c - Dazzling Spray                 Conjuration/Hexes            3
   d - Fulminant Prism                Conjuration/Hexes            4
   e - Force Lance                    Conjuration/Translocation    4
   f - Iskenderun's Mystic Blast      Conjuration                  4
Comestibles
 c - 4 rations


   Skills:
 + Level 1.8 Dodging
 + Level 2.2 Stealth
 + Level 0.4 Unarmed Combat
 + Level 1.8 Spellcasting
 + Level 3.6 Conjurations


You had 3 spell levels left.
You knew the following spells:

 Your Spells              Type           Power        Failure   Level  Hunger
a - Magic Dart            Conj           #...         7%          1    ##.....


Dungeon Overview and Level Annotations

Branches:
Dungeon (2/15)

Altars:


Innate Abilities, Weirdness & Mutations

Your body is rotting away.
You thrive on raw meat.
You are immune to poison.
You have sharp fingernails.
You are carnivorous and can eat meat at any time.
Your flesh is cold resistant. (rC+)
You are immune to negative energy. (rN+++)
You do not regenerate when monsters are visible.
You are immune to unholy pain and torment.
You can survive without breathing.


Message History

The frilled lizard bites you.
You miss the frilled lizard.
The frilled lizard barely misses you. x2
You miss the frilled lizard. The frilled lizard bites you.
You completely miss the frilled lizard.
You feel your flesh rotting away. The bat hits you.
The frilled lizard misses you.
You miss the frilled lizard. The bat hits you but does no damage.
The frilled lizard closely misses you.
You barely miss the frilled lizard. The bat barely misses you.
The frilled lizard closely misses you. The frilled lizard barely misses you.
You hit the bat but do no damage. The bat hits you but does no damage.
The bat closely misses you. The frilled lizard bites you.
You hit the bat but do no damage. The bat barely misses you.
The bat hits you but does no damage.
The frilled lizard bites you but does no damage.
You hit the frilled lizard.
The frilled lizard explodes!
The fiery explosion engulfs you!
Ouch! That really hurt!
You die...

###### #.....#
#.########......#
.....§§@.<.......
.....§§§........#
....###b#.......#
#.# #.#...#.### #
#.......#
###...### #...#
#....


You could see a bat (inner flame).

Vanquished Creatures
  A dart slug (D:1)
  A giant cockroach (D:2)
  A goblin (D:2)
  3 hobgoblins (D:1)
  A kobold (D:1)
  2 bats (D:1)
  3 rats (D:2)
12 creatures vanquished.

Notes
Turn   | Place    | Note
-------+----------+-------------------------------------------
     0 | D:1      | Iko the Ghoul Conjurer began the quest for the Orb.
     0 | D:1      | Reached XP level 1. HP: 14/14 MP: 2/2
   109 | D:2      | Noticed a worker ant
   179 | D:2      | Reached XP level 2. HP: 10/20 MP: 3/3
   676 | D:2      | Killed from afar by a frilled lizard

Action                   || total
-------------------------++-------
Melee: Unarmed           ||    32
       Club              ||    24
  Use: Scroll            ||     2
Armor: Robe              ||    12
Dodge: Dodged            ||    46
